 Dungeon Crawl Stone Soup version 0.23.2-40-g277498a (webtiles) character file.

Game seed: 8148500996783830784

1254 Fang the Skirmisher (level 8, -2/78 HPs)
             Began as a Gargoyle Berserker on Oct 21, 2019.
             Was an Elder of Trog.
             Slain by a killer bee (5 damage)
             ... on level 5 of the Dungeon.
             The game lasted 00:04:04 (5037 turns).

Fang the Skirmisher (Gargoyle Berserker)            Turns: 5037, Time: 00:04:04

Health: -2/78      AC: 15    Str: 29    XL:     8   Next: 51%
Magic:  8/8        EV: 10    Int:  7    God:    Trog [****..]
Gold:   159        SH:  0    Dex:  9    Spells: 7/7 levels left

rFire    . . .     SeeInvis .   a - +0 hand axe
rCold    . . .     Gourm    .   (no shield)
rNeg     + . .     Faith    .   b - +0 chain mail
rPois    ∞         Spirit   .   (no helmet)
rElec    +         Reflect  .   (no cloak)
rCorr    .         Harm     .   (no gloves)
MR       ++...                  (no boots)
Stlth    ..........             (no amulet)
HPRegen  1.23/turn              (no ring)
MPRegen  0.11/turn              (no ring)

@: berserking, regenerating, very quick
A: negative energy resistance 1, electricity resistance, unbreathing,
petrification resistance, rot immunity, AC +5
a: Berserk, Trog's Hand, Brothers in Arms, Renounce Religion


You were on level 5 of the Dungeon.
You worshipped Trog.
Trog was greatly pleased with you.
You were not hungry.

You visited 1 branch of the dungeon, and saw 6 of its levels.

You collected 159 gold pieces.

Inventory:

Hand Weapons
 a - a +0 hand axe (weapon)
Armour
 b - a +0 chain mail (worn)
Wands
 h - a wand of scattershot (7)
 s - a wand of flame (13)
Scrolls
 d - 2 scrolls of enchant weapon {unknown}
 e - 5 scrolls of identify {unknown}
 f - 3 scrolls of remove curse {unknown}
 k - a scroll of immolation {unknown}
 m - 2 scrolls of noise {unknown}
 n - a scroll of random uselessness {unknown}
 o - a scroll of fog {unknown}
 t - 2 scrolls of enchant armour {unknown}
 u - a scroll of amnesia {unknown}
 v - a scroll of teleportation {unknown}
Potions
 g - a potion of resistance {unknown}
 i - a potion of flight {unknown}
 j - 2 potions of lignification {unknown}
 l - 2 potions of might {unknown}
 p - 2 potions of haste {unknown}
 q - a potion of curing
 r - a potion of magic {unknown}
Comestibles
 c - 13 rations


   Skills:
 + Level 6.3 Fighting
 + Level 5.3 Axes
 + Level 5.7 Armour
 + Level 4.4 Dodging


You had 7 spell levels left.
You didn't know any spells.
Your spell library was empty.

Dungeon Overview and Level Annotations

Branches:
Dungeon (6/15)
 Temple: D:4-7

Altars:
Dithmenos
Fedhas
Ru
Sif Muna
Vehumet
Yredelemnul


Innate Abilities, Weirdness & Mutations

You are resistant to torment.
Your stone body is resilient. (AC +5)
You are immune to poison.
You resist negative energy. (rN+)
You are resistant to electric shocks. (rElec)
You can survive without breathing.
You are immune to petrification.
You are immune to rotting.


Message History

The killer bee stings you.
* * * LOW HITPOINT WARNING * * *
You miss the killer bee.
The killer bee is heavily wounded.
You miss the killer bee. The killer bee barely misses you.
The killer bee stings you but does no damage.
The killer bee stings you.
* * * LOW HITPOINT WARNING * * *
The killer bee barely misses you.
You barely miss the killer bee.
The killer bee is heavily wounded.
You completely miss the killer bee. The killer bee stings you.
* * * LOW HITPOINT WARNING * * *
The killer bee stings you but does no damage.
You completely miss the killer bee.
The killer bee is heavily wounded.
You miss the killer bee. The killer bee barely misses you.
The killer bee stings you but does no damage.
The killer bee stings you.
You die...

...###≈≈≈≈≈## #.#####
...##≈≈≈≈≈≈≈# #.#
...##≈≈...≈≈# #.#
...##≈≈._.≈≈# #.#
...##≈≈...≈≈# #.#
...##≈≈≈.≈≈≈# #.#
...###≈≈.≈≈## #.#
...#####'##########.#####
.....# #.###..yy@yF.....#
....## #.....############
....# ####### ....# '####
.# .###### ############
......# #..........#
......# #.########.#


You could see a bullfrog and 3 killer bees.

Vanquished Creatures
  A water moccasin (D:6)
  2 sky beasts (D:5)
  A centaur (D:5)
  Blork the orc (D:6)
  A water moccasin zombie (D:5)
  A scorpion (D:4)
  A killer bee (D:6)
  A crimson imp (D:5)
  2 hounds (D:5)
  A centaur zombie (D:5)
  An orc priest (D:5)
  A centaur skeleton (D:4)
  Crazy Yiuf (D:2)
  4 orc wizards
  A jelly (D:5)
  2 iguanas
  Ijyb (D:3)
  2 worker ants
  Terence (D:3)
  A howler monkey zombie (D:5)
  5 adders
  A worm (D:3)
  5 dart slugs
  2 leopard geckos
  9 orcs
  3 giant cockroaches
  8 goblins
  8 hobgoblins
  15 jackals
  A quokka (D:2)
  9 bats
  7 frilled lizards
  5 kobolds
  9 rats
114 creatures vanquished.

Notes
Turn   | Place    | Note
-------+----------+-------------------------------------------
     0 | D:1      | Fang the Gargoyle Berserker began the quest for the Orb.
     0 | D:1      | Reached XP level 1. HP: 14/14 MP: 1/1
    76 | D:1      | Reached XP level 2. HP: 15/19 MP: 2/2
   550 | D:1      | Reached XP level 3. HP: 19/23 MP: 3/3
  1075 | D:2      | Reached ** piety under Trog
  1425 | D:2      | Reached XP level 4. HP: 29/29 MP: 4/4
  1924 | D:2      | Found a runed translucent door.
  1925 | D:2      | Noticed Crazy Yiuf
  2096 | D:2      | Killed Crazy Yiuf
  2096 | D:2      | Reached skill level 4 in Fighting
  2192 | D:3      | Reached XP level 5. HP: 26/33 MP: 5/5
  2196 | D:3      | Noticed Ijyb
  2212 | D:3      | Killed Ijyb
  2265 | D:3      | Reached *** piety under Trog
  2515 | D:3      | Noticed Terence
  2541 | D:3      | Killed Terence
  2566 | D:3      | Found a radiant altar of Vehumet.
  2895 | D:3      | Reached XP level 6. HP: 39/39 MP: 6/6
  3284 | D:4      | Found a basalt altar of Yredelemnul.
  3490 | D:4      | Found a blossoming altar of Fedhas.
  3667 | D:5      | Entered Level 5 of the Dungeon
  3683 | D:5      | Noticed a sky beast
  3723 | D:5      | Killed a sky beast
  3723 | D:5      | Reached skill level 5 in Fighting
  3781 | D:5      | Found a deep blue altar of Sif Muna.
  3875 | D:5      | Reached XP level 7. HP: 29/44 MP: 7/7
  3884 | D:5      | Reached **** piety under Trog
  4103 | D:5      | Reached skill level 5 in Armour
  4107 | D:5      | Reached XP level 8. HP: 29/51 MP: 8/8
  4463 | D:5      | Reached skill level 5 in Axes
  4530 | D:5      | Found a sacrificial altar of Ru.
  4627 | D:5      | Reached skill level 6 in Fighting
  4815 | D:6      | Noticed Blork the orc
  4827 | D:6      | Killed Blork the orc
  4967 | D:6      | Found a shadowy altar of Dithmenos.
  5023 | D:6      | HP: 2/52 [killer bee (6)]
  5030 | D:6      | HP: 1/52 [killer bee (2)]
  5036 | D:5      | HP: 2/78 [killer bee (3)]
  5037 | D:5      | Slain by a killer bee

Skill      XL: |  1  2  3  4  5  6  7  8 |
---------------+-------------------------+-----
Axes           | 3 4 5 |  5.3
Dodging        | 2 3 4 |  4.4
Armour         | 3 4 5 |  5.7
Fighting       | 4 5 6 |  6.3

Action                   |  1- 3 |  4- 6 |  7- 9 || total
-------------------------+-------+-------+-------++-------
Melee: Hand axe          |   128 |   306 |   118 ||   552
Invok: Berserk           |     1 |     3 |     4 ||     8
       Trog's Hand       |       |       |     1 ||     1
  Eat: Chunk             |     3 |     9 |     3 ||    15
       Ration            |       |       |     2 ||     2
Armor: Animal skin       |    46 |    63 |       ||   109
       Chain mail        |       |   132 |   143 ||   275
       Skin              |       |     2 |       ||     2
Dodge: Dodged            |   105 |   177 |   104 ||   386
